AoeStats
← Tom_9

Arena

507805016Analyzed
2v2 RM · 13d ago on Sep 19, 2026· 67m 32s· 4 players
Game mode
Random Map
Map size
Medium (4 player)
Population
200
Speed
Normal
Resources
Standard
Victory
Conquest
Starting age
Dark Age
Ending age
Imperial Age
RankedLock teamsTeams togetherTeam positionsShared explorationLock speedFull tech treeHidden civsTurbo modeCheats
Victory
Defeat
🇫🇷 Byzantines · France
1087
+16
🇫🇷 Vietnamese · France
1086
+16
🇧🇪 Poles · Belgium
1098
-16
🇸🇪 Turks · Sweden
1092
-16
RaZgRiZ
10:40 Feudal Age
9:38 Loom
14:42 Castle Age
13:34 Double-Bit Axe
15:27 Horse Collar
15:59 Bow Saw
19:57 Heavy Plow
23:06 Wheelbarrow
22:48 Fletching
23:51 Hand Cart
23:47 Padded Archer Armor
24:43 Bodkin Arrow
25:02 Squires
24:43 Crossbowman
25:50 Thumb Ring
32:38 Ballistics
32:31 Fortified Wall
32:01 Treadmill Crane
35:31 Town Watch
37:51 Stone Mining
37:56 Gold Mining
40:42 Imperial Age
37:43 Pikeman
41:19 Leather Archer Armor
41:06 Scale Mail Armor
41:17 Forging
41:10 Arson
42:10 Stone Shaft Mining
41:31 Arbalester
42:14 Bracer
42:45 Ring Archer Armor
43:18 Chemistry
42:25 Siege Engineers
42:09 Halberdier
48:17 Paper Money
48:33 Hoardings
48:17 Guilds
47:29 Elite Rattan Archer
49:45 Elite Skirmisher
50:48 Imperial Skirmisher
52:27 Caravan
56:41 Coinage
62:39 Banking
Wick F'king John
10:51 Feudal Age
9:26 Loom
13:26 Double-Bit Axe
15:46 Castle Age
14:18 Horse Collar
22:05 Wheelbarrow
23:01 Heavy Plow
24:58 Redemption
27:00 Forging
26:56 Scale Barding Armor
27:45 Husbandry
28:24 Iron Casting
30:08 Chain Barding Armor
33:46 Imperial Age
32:27 Hand Cart
34:51 Elite Cataphract
36:17 Heavy Camel Rider
40:31 Logistica
41:29 Plate Barding Armor
45:24 Chemistry
50:48 Light Cavalry
54:23 Bow Saw
54:53 Caravan
55:49 Hussar
QuitTouchingMe
12:13 Feudal Age
13:44 Double-Bit Axe
14:07 Loom
16:42 Castle Age
14:49 Horse Collar
21:48 Imperial Age
19:54 Bow Saw
20:31 Gold Mining
26:14 Padded Archer Armor
33:12 Two-Man Saw
32:14 Heavy Plow
32:25 Fletching
32:50 Fortified Wall
35:18 Stone Mining
37:15 Wheelbarrow
39:05 Ballistics
38:44 Bodkin Arrow
39:05 Leather Archer Armor
38:39 Town Watch
39:53 Bracer
40:40 Conscription
40:54 Bloodlines
42:06 Hand Cart
42:59 Masonry
44:10 Ring Archer Armor
43:52 Elite Janissary
48:26 Scale Barding Armor
48:32 Forging
49:08 Husbandry
52:52 Bombard Tower
58:20 Chain Barding Armor
58:47 Iron Casting
61:08 Plate Barding Armor
61:42 Blast Furnace
Tom_9
5:00 Loom
13:03 Feudal Age
13:34 Double-Bit Axe
13:30 Horse Collar
18:59 Castle Age
17:46 Bloodlines
17:56 Scale Barding Armor
18:02 Forging
18:28 Gold Mining
18:29 Stone Mining
20:10 Bow Saw
19:44 Light Cavalry
20:55 Heavy Plow
24:51 Husbandry
26:56 Chain Barding Armor
27:54 Iron Casting
29:32 Szlachta Privileges
32:12 Wheelbarrow
32:19 Stone Shaft Mining
32:35 Town Watch
35:29 Hand Cart
35:15 Town Patrol
39:12 Imperial Age
38:51 Squires
38:37 Arson
39:09 Scale Mail Armor
39:34 Cavalier
41:30 Blast Furnace
41:08 Conscription
41:44 Hoardings
42:33 Lechitic Legacy
42:02 Winged Hussar
42:58 Pikeman
43:13 Elite Obuch
44:14 Chain Mail Armor
64:28 Crop Rotation
65:17 Crop Rotation
Connection lost

Rejoining the realm…

Still unreachable

The connection could not be restored.

Session expired

The server has moved on; the page needs a fresh start.